[Event "*** Titled Tuesday Blitz"]
[Site "Chess.com"]
[Date "2019.06.04"]
[Round "9"]
[White "RU_B9"]
[Black "quesfr"]
[Result "0-1"]
[WhiteElo "2071"]
[BlackElo "2173"]
[TimeControl "180+2"]
[EndTime "15:04:24 PDT"]
[Termination "quesfr won by checkmate"]

1. c4 e6 2. Nc3 d5 3. e3 Nf6 4. Nf3 Be7 5. b3 O-O 6. Bb2 c5 7.
d4 cxd4 8. Nxd4 dxc4 9. Bxc4 Bd7 10. O-O Nc6 11. Rc1 Nxd4 12. Qxd4 Bc6 13. Ne2 Qa5 14.
Bc3 Qg5 15. Ng3 Rfd8 16. f4 Qh6 17. Qe5 Ng4 18. Qh5 Qxh5 19. Nxh5 Nxe3 20. Rfe1 Nxc4 21. bxc4 Bf8 22. g4 Rd3 23. g5 Rad8 24. Be5 Bc5+ 25. Kf1 Rf3+ 26. Ke2 Rf2# 0-1

[Event "*** Titled Tuesday Blitz"]
[Site "Chess.com"]
[Date "2019.06.04"]
[Round "9"]
[White "Aragon"]
[Black "ZenBull"]
[Result "0-1"]
[WhiteElo "2045"]
[BlackElo "2107"]
[TimeControl "180+2"]
[EndTime "15:04:30 PDT"]
[Termination "ZenBull won by resignation"]

1. e4 c5 2. Nf3 e6 3. b4 cxb4 4. d4 d6 5. Nbd2 Nd7 6. Bd3 e5 7.
O-O Ngf6 8. Bb2 Be7 9. Nc4 exd4 10. Nxd4 Ne5 11. Nxe5 dxe5 12. Nf3 O-O 13. Nxe5 Nd7 14.
Nc4 Nc5 15. f4 Nxd3 16. cxd3 Bc5+ 17. Kh1 Bd4 18. Rb1 a5 19. f5 b5 20. Bxd4 Qxd4 21.
Nb2 Rd8 22. Qf3 Bb7 23. f6 g6 24. Qf4 Qd6 25. e5 Qf8 26. d4 Rac8 27. Rbc1 Rxc1 28. Rxc1 Rc8 29. Rg1 Rc2 30. Nd3 Rxa2 31. Nc5 Bd5 32. Nd7 Qa8 33. Qg5 Bxg2+ 34. Qxg2 Rxg2 35. Rxg2 b3 36. e6 b2 0-1

[Event "*** Titled Tuesday Blitz"]
[Site "Chess.com"]
[Date "2019.06.04"]
[Round "9"]
[White "Satscho"]
[Black "NM2019"]
[Result "1-0"]
[WhiteElo "2275"]
[BlackElo "2109"]
[TimeControl "180+2"]
[EndTime "15:04:32 PDT"]
[Termination "Satscho won by resignation"]

1. e4 d5 2. exd5 Nf6 3. d4 Nxd5 4. Nf3 Bg4 5. Be2 Nd7 6. O-O e6 7. h3 Bh5 8. c4 N5b6 9. Nc3 Bxf3 10. Bxf3 c6 11.
b3 Be7 12. Bf4 O-O 13. Ne4 Nf6 14. Qd2 Nxe4 15. Bxe4 Bf6 16. Rad1 Nd7 17. Rfe1 Qe7 18. d5 cxd5 19. cxd5 e5 20. Bf5 Rfe8 21. d6 Qd8 22.
Be3 g6 23. Be4 b6 24. Bxa8 Qxa8 25. Qd5 Qxd5 26. Rxd5 Bg7 27. Rc1 h6 28. Rc7 Rd8 29. Rxa7 f5 30. f3 Kf7 31. a4 Ke6 32. Rd1 Bf8 33.
a5 bxa5 34. Rxa5 Rb8 35. Rd3 e4 36. fxe4 fxe4 37. Rd4 Nf6 38. b4 g5 39. b5 Bxd6 40. Ra6 Rd8 41. b6 Ke7 42. b7 Bc5 43. Rxd8 Bxe3+ 44.
Kf1 1-0

[Event "*** Titled Tuesday Blitz"]
[Site "Chess.com"]
[Date "2019.06.04"]
[Round "9"]
[White "MatthewG-p4p"]
[Black "Borsuk_Konstantin"]
[Result "1-0"]
[WhiteElo "2788"]
[BlackElo "2609"]
[TimeControl "180+2"]
[EndTime "15:04:35 PDT"]
[Termination "MatthewG-p4p won by checkmate"]

1. Nf3 Nf6 2. b3 b6 3. Bb2 Bb7 4. e3 e6 5. d4 a5 6. Bd3 a4 7.
O-O axb3 8. axb3 Rxa1 9. Bxa1 Be7 10. c4 O-O 11. Nc3 d5 12. Qe2 Nc6 13. Rd1 Nb4 14.
Bb1 Qa8 15. Bb2 Rc8 16. Ne5 dxc4 17. bxc4 Bxg2 18. e4 Bh3 19. Qf3 c5 20. Qxh3 cxd4 21. Rxd4 Bc5 22. Rd1 Qb8 23. Ne2 Rd8 24. Nd3 Nxe4 25.
Qg4 f5 26. Qxg7# 1-0

[Event "*** Titled Tuesday Blitz"]
[Site "Chess.com"]
[Date "2019.06.04"]
[Round "9"]
[White "cool4chess"]
[Black "temus_galaktionov"]
[Result "0-1"]
[WhiteElo "2376"]
[BlackElo "2732"]
[TimeControl "180+2"]
[EndTime "15:04:38 PDT"]
[Termination "temus_galaktionov won by resignation"]

1. e4 c6 2. d4 g6 3. Nf3 Bg7 4. Nc3 d6 5. Be2 Nd7 6. Be3 e5 7. Qd2 Ngf6 8. h3 O-O 9. O-O Qe7 10. Rad1 Re8 11. dxe5 dxe5 12. Qd6 Qxd6 13. Rxd6 Bf8 14.
Rd2 Nc5 15. Bxc5 Bxc5 16. Bc4 h6 17. Rfd1 Be6 18. Bxe6 Rxe6 19. Rd8+ Rxd8 20. Rxd8+ Kg7 21. g3 Bb4 22. Nd2 Bxc3 23. bxc3 Re7 24. Nc4 Nxe4 25. Nd6 Nxd6 26. Rxd6 e4 27. Kf1 f5 28. Ke2 a6 29. Ke3 Kf7 30. h4 Kg7 31. Rd8 g5 32. hxg5 hxg5 33. Rd6 Kf7 34. Rh6 Rd7 35. Rh7+ Ke6 36. Rh6+ Ke5 37. Rg6 f4+ 38. gxf4+ gxf4+ 39. Ke2 Rd5 40. Rg7 Rb5 41. Re7+ Kf5 42. Rf7+ Kg5 43.
Re7 Rb2 44. Kd2 Kf5 45. Rf7+ Kg4 46. Kc1 Rxa2 47. Rxb7 Kf3 48. Rf7 Ra1+ 49. Kb2 Rf1 50. Rf6 Rxf2 51. Rxc6 e3 52. Rxa6 e2 53. Re6 Rf1 54.
c4 e1=Q 55. Rxe1 Rxe1 56. c5 Re5 0-1

[Event "*** Titled Tuesday Blitz"]
[Site "Chess.com"]
[Date "2019.06.04"]
[Round "9"]
[White "BigAl"]
[Black "BlackBoarder"]
[Result "0-1"]
[WhiteElo "2381"]
[BlackElo "2521"]
[TimeControl "180+2"]
[EndTime "15:04:43 PDT"]
[Termination "BlackBoarder won by resignation"]

1. e4 e6 2. d3 d5 3. Nd2 Nf6 4. Ngf3 Nc6 5. g3 dxe4 6. dxe4 e5 7. Bg2 Bc5 8. O-O O-O 9. c3 a5 10. a4 b6 11. h3 Ba6 12. Re1 Qe7 13. Qb3 Rad8 14. Nh4 g6 15. Bf1 Bxf1 16. Nxf1 Kg7 17.
Qc4 Qe6 18. Qxe6 fxe6 19. Kg2 Rd3 20. f3 h6 21. f4 exf4 22. gxf4 Nh5 23. f5 exf5 24. exf5 g5 25. Re6 Bd6 26. Rg6+ Kh7 27. Bxg5 hxg5 28. Rxg5 Nf4+ 0-1

[Event "*** Titled Tuesday Blitz"]
[Site "Chess.com"]
[Date "2019.06.04"]
[Round "9"]
[White "wonderfultime"]
[Black "hellokostya"]
[Result "1-0"]
[WhiteElo "3013"]
[BlackElo "2540"]
[TimeControl "180+2"]
[EndTime "15:04:46 PDT"]
[Termination "wonderfultime won by resignation"]

1. d4 Nf6 2. Nf3 g6 3. Bg5 Bg7 4. Nbd2 O-O 5. c3 d6 6. e3 b6 7. Bd3 Bb7 8. h4 h5 9. Qe2 Nbd7 10. O-O Nh7 11. Bf4 e5 12. Bh2 Qe7 13. e4 Nhf6 14. Rfe1 Ng4 15. Bg3 c5 16. dxe5 Ndxe5 17. Ba6 Bxa6 18.
Qxa6 Bh6 19. Rad1 b5 20. Nxe5 Nxe5 21. Bxe5 dxe5 22. Nf3 b4 23. Rd5 Bg7 24. Red1 bxc3 25. bxc3 Rab8 26. Rd7 Qf6 27. Qxf6 Bxf6 28. Rxa7 Ra8 29.
Rdd7 Rxa7 30. Rxa7 Rb8 31. Ra5 Rb1+ 32. Kh2 Rb2 33.
Kg3 Bd8 34. Ra8 1-0

[Event "*** Titled Tuesday Blitz"]
[Site "Chess.com"]
[Date "2019.06.04"]
[Round "9"]
[White "PawnEatingZombie"]
[Black "CzechmVIII"]
[Result "0-1"]
[WhiteElo "2137"]
[BlackElo "2092"]
[TimeControl "180+2"]
[EndTime "15:04:50 PDT"]
[Termination "CzechmVIII won by resignation"]

1. d4 Nf6 2. c4 c5 3. d5 e6 4. Nc3 exd5 5. cxd5 d6 6. Nf3 g6 7. Bf4 a6 8. Nd2 b5 9. a4 b4 10. Nce4 Nxe4 11. Nxe4 Be7 12. e3 O-O 13. Be2 f5 14. Nd2 g5 15. Bg3 f4 16. exf4 gxf4 17. Bd3 Qe8 18. Qc2 Qh5 19. Be2 Qg6 20. Bd3 Bf5 21. Ne4 fxg3 22. hxg3 Nd7 23. O-O-O c4 0-1

[Event "*** Titled Tuesday Blitz"]
[Site "Chess.com"]
[Date "2019.06.04"]
[Round "9"]
[White "Semen_Khanin"]
[Black "Zubrrr"]
[Result "1-0"]
[WhiteElo "2725"]
[BlackElo "2716"]
[TimeControl "180+2"]
[EndTime "15:04:53 PDT"]
[Termination "Semen_Khanin won by resignation"]

1. Nf3 Nf6 2. c4 g6 3. Nc3 Bg7 4. g3 d5 5. cxd5 Nxd5 6. h4 h6 7. Bg2 Nb6 8. d4 c6 9. O-O O-O 10. a4 a5 11. b3 Na6 12. Bb2 Bf5 13. Ne5 Nb4 14. e4 Bxe5 15. exf5 Qxd4 16. fxg6 fxg6 17. Qe2 Bf6 18. Rad1 Qe5 19. Qg4 Qf5 20. Qe2 Qe5 21. Be4 Rad8 22. Qg4 g5 23. hxg5 Qxg5 24. Qe6+ Kh8 25.
Kg2 N6d5 26. Nxd5 cxd5 27. Qxe7 Qg7 28. Bxf6 1-0

[Event "*** Titled Tuesday Blitz"]
[Site "Chess.com"]
[Date "2019.06.04"]
[Round "9"]
[White "yuki_chess123"]
[Black "bracuarta"]
[Result "0-1"]
[WhiteElo "2173"]
[BlackElo "2125"]
[TimeControl "180+2"]
[EndTime "15:04:54 PDT"]
[Termination "bracuarta won by resignation"]

1. e4 c5 2. Nf3 e6 3. d3 b6 4. g3 Bb7 5. Bg2 d6 6. O-O Qc7 7. Nc3 a6 8. Ng5 Nf6 9. f4 Nbd7 10. f5 e5 11. a4 Be7 12. Qe1 O-O 13. Bd2 Bc6 14.
h3 b5 15. a5 c4 16. g4 cxd3 17. cxd3 Nc5 18. Qe2 Nb3 19. Rad1 Nxd2 20. Qxd2 b4 21. Ne2 Qxa5 22. Ng3 Bd8 23. Nf3 b3 24. g5 Qxd2 25. Nxd2 Nd7 26. h4 Nc5 27. Nc4 Bc7 28.
d4 exd4 29. Rxd4 Bb5 30. Rfd1 d5 31. Rxd5 Bxc4 32. Rxc5 Bb6 0-1

[Event "*** Titled Tuesday Blitz"]
[Site "Chess.com"]
[Date "2019.06.04"]
[Round "9"]
[White "irregularity"]
[Black "LastHeroJr"]
[Result "1-0"]
[WhiteElo "2603"]
[BlackElo "2509"]
[TimeControl "180+2"]
[EndTime "15:05:06 PDT"]
[Termination "irregularity won on time"]

1. e4 Nc6 2. Nf3 d6 3. Nc3 Nf6 4. Bc4 e6 5. O-O Be7 6. d4 O-O 7. Bd3 e5 8. d5 Nb8 9. h3 c6 10. Nd2 cxd5 11. exd5 Nbd7 12. Nde4 Nxe4 13. Nxe4 f5 14.
Ng3 e4 15. Bc4 Ne5 16. Bb3 f4 17. Nxe4 f3 18. Re1 Qe8 19. Kh2 Qg6 20. Ng3 h5 21. Rxe5 h4 22. Rxe7 hxg3+ 23. fxg3 Bxh3 24. gxh3 Rae8 25.
Re6 Qf5 26. Bf4 g5 27. Qxf3 1-0

[Event "*** Titled Tuesday Blitz"]
[Site "Chess.com"]
[Date "2019.06.04"]
[Round "9"]
[White "Babas"]
[Black "Ginger_GM"]
[Result "0-1"]
[WhiteElo "2397"]
[BlackElo "2554"]
[TimeControl "180+2"]
[EndTime "15:05:07 PDT"]
[Termination "Ginger_GM won by resignation"]

1. d4 e6 2. Nf3 f5 3. h3 Nf6 4.
g4 b6 5. gxf5 exf5 6. Bf4 Bb7 7.
e3 Nc6 8. Rg1 Qe7 9. a3 O-O-O 10. Nc3 Ne4 11. Nd5 Qf7 12. Nxc7 g5 13. Nxg5 Nxg5 14. Bxg5 Kxc7 15. Bxd8+ Nxd8 16. Bg2 Rg8 17. Kf1 Qg6 18. f3 Ba6+ 19. Ke1 Qg3+ 20. Kd2 Qf2+ 21. Kc3 Qxe3+ 0-1

[Event "*** Titled Tuesday Blitz"]
[Site "Chess.com"]
[Date "2019.06.04"]
[Round "9"]
[White "oogee"]
[Black "Siemba"]
[Result "0-1"]
[WhiteElo "2308"]
[BlackElo "2103"]
[TimeControl "180+2"]
[EndTime "15:05:08 PDT"]
[Termination "Siemba won by checkmate"]

1. d4 Nf6 2. c4 g6 3. Nc3 Bg7 4. e4 d6 5. Nf3 O-O 6. Be2 e5 7. O-O Nc6 8. d5 Ne7 9. Ne1 Nd7 10. Be3 f5 11. f3 f4 12. Bf2 g5 13.
a4 a5 14. Nd3 b6 15. b4 axb4 16. Nxb4 Nf6 17. Nd3 h5 18. a5 bxa5 19. c5 Ng6 20.
Ra4 g4 21. cxd6 cxd6 22. Qb3 g3 23. Bb6 Qe7 24. h3 Ne8 25. Rb1 Nh4 26. Ne1 Nf6 27. Rxa5 Rxa5 28. Bxa5 Nh7 29. Qb6 Ng5 30. Qc7 Qf6 31. Bf1 Bxh3 32. gxh3 Ngxf3+ 33. Nxf3 Nxf3+ 34. Kh1 Nh4 35. Rb6 f3 36. Qxd6 g2+ 37. Bxg2 fxg2+ 38. Kg1 Qf2+ 39. Kh2 Nf3# 0-1

[Event "*** Titled Tuesday Blitz"]
[Site "Chess.com"]
[Date "2019.06.04"]
[Round "9"]
[White "Fins0905"]
[Black "BillForster"]
[Result "1-0"]
[WhiteElo "2643"]
[BlackElo "1757"]
[TimeControl "180+2"]
[EndTime "15:05:10 PDT"]
[Termination "Fins0905 won by resignation"]

1. d4 d5 2. c4 c6 3. Nf3 Nf6 4. Nc3 e6 5. Bg5 dxc4 6. a4 Bb4 7.
e3 Nbd7 8. Bxf6 Nxf6 9. Bxc4 O-O 10. O-O c5 11. Na2 Qe7 12. Nxb4 cxb4 13. a5 Bd7 14. Ne5 Rac8 15. Bd3 Bc6 16. Nxc6 Rxc6 17. Qb3 Rfc8 18.
Ra4 Nd5 19. Be4 Rc4 20. Bd3 R4c7 21. g3 Rc1 22. e4 Rxf1+ 23. Kxf1 Rc1+ 24. Kg2 Nf6 25. Rxb4 g6 26. Rxb7 1-0

[Event "*** Titled Tuesday Blitz"]
[Site "Chess.com"]
[Date "2019.06.04"]
[Round "9"]
[White "TBergh98"]
[Black "PotapovaM"]
[Result "0-1"]
[WhiteElo "2407"]
[BlackElo "2516"]
[TimeControl "180+2"]
[EndTime "15:05:12 PDT"]
[Termination "PotapovaM won by checkmate"]

1. d4 Nf6 2. Bg5 c5 3. Nc3 cxd4 4. Qxd4 Nc6 5. Qh4 e6 6. e4 h6 7. O-O-O Be7 8. f4 O-O 9. Nf3 hxg5 10. Nxg5 g6 11. Qh6 Re8 12. e5 Bf8 13. Qh4 Bg7 14. exf6 Qxf6 15. Rd6 Ne7 16. Bd3 Nd5 17. Nxd5 Qxb2+ 18.
Kd1 exd5 19. Qh7+ Kf8 20. Rxg6 Qa1+ 21. Kd2 Bc3# 0-1

[Event "*** Titled Tuesday Blitz"]
[Site "Chess.com"]
[Date "2019.06.04"]
[Round "9"]
[White "Aknok"]
[Black "Kawhi_Leonard2"]
[Result "0-1"]
[WhiteElo "2417"]
[BlackElo "2314"]
[TimeControl "180+2"]
[EndTime "15:05:20 PDT"]
[Termination "Kawhi_Leonard2 won by resignation"]

1. d4 Nf6 2. c4 c5 3. d5 e6 4.
Nc3 exd5 5. cxd5 d6 6. Nf3 g6 7. h3 Bg7 8. e4 a6 9. a4 Nbd7 10. Bd3 Nh5 11. Bg5 Bf6 12. Bh6 Ng7 13. O-O O-O 14.
Qd2 Rb8 15. Rfe1 Ne5 16. Nxe5 Bxe5 17. f4 Bd4+ 18. Kh2 Re8 19. Bg5 f6 20. Bh4 Qa5 21. Qc2 Qb4 22. Re2 c4 23. Rd1 cxd3 24. Qxd3 Bxc3 25. bxc3 Qxa4 26. Bxf6 Nh5 27. g3 Nxf6 28. e5 Bf5 29. Qd2 Ne4 30. Qe1 Nxc3 31. Ra1 Qc4 32. Re3 Nxd5 0-1

[Event "*** Titled Tuesday Blitz"]
[Site "Chess.com"]
[Date "2019.06.04"]
[Round "9"]
[White "Oleg_Papayan"]
[Black "enriquetejedor"]
[Result "0-1"]
[WhiteElo "2547"]
[BlackElo "2561"]
[TimeControl "180+2"]
[EndTime "15:05:32 PDT"]
[Termination "enriquetejedor won by resignation"]

1. e4 c5 2. Nf3 e6 3. d4 cxd4 4. Nxd4 a6 5. Nc3 Qc7 6. Bd3 Nf6 7. Bg5 Be7 8. O-O O-O 9. Kh1 h6 10. Bh4 d6 11. f4 Nbd7 12. Qf3 b5 13. Rae1 Bb7 14.
Qh3 b4 15. Nd1 Nc5 16. Nf2 Rfd8 17. e5 dxe5 18. fxe5 Nd5 19. Ng4 Nxd3 20. cxd3 Bxh4 21. Qxh4 Ne7 22. Rxf7 Kxf7 23. Nxh6+ gxh6 24. Qf6+ Ke8 25. Nxe6 Qc6 26. Ng7+ Kd7 27. e6+ Kc8 28. Re2 Qc1+ 0-1

[Event "*** Titled Tuesday Blitz"]
[Site "Chess.com"]
[Date "2019.06.04"]
[Round "9"]
[White "Fighter008"]
[Black "Alopekos"]
[Result "1-0"]
[WhiteElo "2641"]
[BlackElo "2481"]
[TimeControl "180+2"]
[EndTime "15:05:33 PDT"]
[Termination "Fighter008 won by resignation"]

1. e3 Nf6 2. c4 g6 3. b3 Bg7 4. Bb2 O-O 5. Nf3 b6 6. d4 Bb7 7. Bd3 e6 8. Nbd2 c5 9. O-O d6 10. e4 cxd4 11. Nxd4 Nc6 12. Re1 Nd7 13. Nxc6 Bxc6 14.
Bxg7 Kxg7 15. Bf1 Qf6 16. Rc1 Rfd8 17. g3 a5 18. Bg2 Rac8 19. Nb1 Nc5 20. Nc3 e5 21.
Qd2 Ne6 22. Ne2 Nc5 23. Qe3 h6 24. Rcd1 Qg5 25. f4 exf4 26. gxf4 Qe7 27. Ng3 Re8 28. Qd4+ Kg8 29. Qxd6 Qh4 30. f5 Red8 31. Qe5 Nd3 32.
Rxd3 Rxd3 33. fxg6 Qg5 34. gxf7+ Kxf7 35. Rf1+ 1-0

[Event "*** Titled Tuesday Blitz"]
[Site "Chess.com"]
[Date "2019.06.04"]
[Round "9"]
[White "nitpicker"]
[Black "NemtsevIgor"]
[Result "1-0"]
[WhiteElo "2211"]
[BlackElo "2259"]
[TimeControl "180+2"]
[EndTime "15:05:36 PDT"]
[Termination "nitpicker won by resignation"]

1. d4 c6 2. c4 d6 3. Nc3 Nd7 4. e4 h6 5. Be3 g5 6. h3 Bg7 7. Nf3 Nf8 8. Qd2 Qa5 9. Bd3 Ne6 10.
O-O-O a6 11. Kb1 b5 12. d5 b4 13. Ne2 Nc5 14. Bd4 Nf6 15. e5 dxe5 16. Nxe5 cxd5 17. cxd5 Nxd3 18. Nxd3 O-O 19. Nxb4 Bf5+ 20. Ka1 Qb5 21.
Nc6 Rfe8 22. Nc3 Qc4 23. b3 Qd3 24. Qxd3 Bxd3 25. Rxd3 e6 26. d6 Rac8 27. Ne7+ Rxe7 28. dxe7 Re8 29. Bc5 Ne4 30. Kb2 Nxc5 31. Rd8 Bxc3+ 32. Kc2 Ne4 33. Rxe8+ Kg7 34. Rg8+ 1-0

[Event "*** Titled Tuesday Blitz"]
[Site "Chess.com"]
[Date "2019.06.04"]
[Round "9"]
[White "lachesisQ"]
[Black "Jabberwockiez"]
[Result "1-0"]
[WhiteElo "3042"]
[BlackElo "2263"]
[TimeControl "180+2"]
[EndTime "15:05:43 PDT"]
[Termination "lachesisQ won by resignation"]

1. e4 c5 2. b4 b6 3. bxc5 bxc5 4. Bb2 Bb7 5. Nc3 Nc6 6. Bc4 e6 7. Nf3 d6 8. O-O Be7 9. Rb1 Nf6 10. Ba1 Rb8 11. Ng5 O-O 12. Bxe6 fxe6 13. Nxe6 Qd7 14. Nxf8 Rxf8 15. d3 Nd4 16. Ne2 Nxe2+ 17. Qxe2 Ba6 18. h3 Qe6 19. c4 Nd7 20. f4 Bf6 21.
Bxf6 Qxf6 22. Qb2 Qd4+ 23. Qxd4 cxd4 24. Rf3 Nc5 25. Kf2 Bc8 26. Ke1 Bd7 27. Kd2 Ba4 28. f5 Kf7 29. g4 h6 30. h4 Kf6 31. g5+ hxg5 32. hxg5+ Kxg5 33. Rg1+ Kf6 34. Rg6+ Ke7 35. Rxg7+ Rf7 36. Rxf7+ Kxf7 37. Rh3 Nd7 38. Rh8 Bc6 39. Rc8 Ne5 40. Rc7+ Kf6 41. Rxa7 Kg5 42. a4 Kf4 43. f6 Be8 44. a5 Kg5 45. Re7 Bh5 46. Rxe5+ dxe5 47. a6 1-0

[Event "*** Titled Tuesday Blitz"]
[Site "Chess.com"]
[Date "2019.06.04"]
[Round "9"]
[White "jk13"]
[Black "Swarnapuri"]
[Result "0-1"]
[WhiteElo "2540"]
[BlackElo "2705"]
[TimeControl "180+2"]
[EndTime "15:05:43 PDT"]
[Termination "Swarnapuri won by resignation"]

1. e4 Nc6 2. Nf3 d6 3. Bb5 Nf6 4. Nc3 a6 5. Bxc6+ bxc6 6. h3 e5 7. d4 exd4 8. Nxd4 Bb7 9. O-O c5 10. Nf5 g6 11. Ng3 Bg7 12. e5 dxe5 13. Qe2 O-O 14.
Bg5 Qd6 15. Rad1 Qc6 16. f3 Rfe8 17. Nge4 Nh5 18. Qc4 h6 19. Bh4 Nf4 20. Qxc5 Qe6 21. Qxc7 Bxe4 22. fxe4 Rab8 23. Rd6 Qc8 24. Qa5 Rxb2 25. Rf2 Bf8 26. Rdd2 Bb4 27. Qb6 Bxc3 28. Qf6 Rb1+ 29. Kh2 Bxd2 30. Rxd2 Qe6 31. Rd8 Rxd8 32.
Qxd8+ Kg7 33. Be7 Rb7 34. Bf8+ Kh7 35. Bc5 Rd7 36. Qf8 Rd2 37. Kh1 Rxg2 0-1

[Event "*** Titled Tuesday Blitz"]
[Site "Chess.com"]
[Date "2019.06.04"]
[Round "9"]
[White "tan275"]
[Black "LarissaSteenbekkers"]
[Result "1-0"]
[WhiteElo "2201"]
[BlackElo "1977"]
[TimeControl "180+2"]
[EndTime "15:05:45 PDT"]
[Termination "tan275 won by resignation"]

1. d4 Nf6 2. c4 g6 3. g3 Bg7 4. Bg2 d6 5. Nf3 O-O 6. Nc3 Nc6 7. O-O a6 8. b3 Rb8 9. Bb2 b5 10. c5 dxc5 11. dxc5 Bb7 12. a3 b4 13. axb4 Nxb4 14.
Na4 Be4 15. Nd4 Bxg2 16. Kxg2 Ne4 17. f3 Nf6 18. e4 e5 19. Ne2 Qe7 20. Ba3 Rfd8 21.
Qb1 Nd3 22. Rd1 Nb4 23. Bxb4 Rxb4 24. Nac3 Rdb8 25. Rxa6 Qxc5 26. Qa2 Rxb3 27. Ra8 h6 28. Rd8+ 1-0

[Event "*** Titled Tuesday Blitz"]
[Site "Chess.com"]
[Date "2019.06.04"]
[Round "9"]
[White "Hikaru"]
[Black "mouseWLZ"]
[Result "1-0"]
[WhiteElo "3206"]
[BlackElo "2783"]
[TimeControl "180+2"]
[EndTime "15:05:48 PDT"]
[Termination "Hikaru won by resignation"]

1. Nf3 Nf6 2. b3 g6 3. Bb2 Bg7 4. d4 O-O 5. e3 d6 6. Be2 Nbd7 7. O-O Qe8 8. c4 e5 9. dxe5 Nxe5 10. Nxe5 dxe5 11.
Ba3 Nd7 12. Bxf8 Nxf8 13. Nc3 c6 14. Ne4 f5 15. Nd6 Qe7 16. c5 Be6 17. e4 Rd8 18. Qc2 f4 19. Rad1 h5 20. Bc4 Kh7 21.
Rd3 Bxc4 22. Qxc4 Ne6 23. b4 Nd4 24. b5 f3 25. g3 Qd7 26. Kh1 Qh3 27. Rg1 cxb5 28.
Qd5 Rd7 29. a3 a5 30. Qa2 b6 31. Qb1 bxc5 32. Nxb5 a4 33. Nxd4 Rxd4 34. Rxf3 Qg4 35.
Rf7 Qxe4+ 36. Qxe4 Rxe4 37. Rb1 Kg8 38. Rbb7 Bf8 39.
Rf6 1-0

[Event "*** Titled Tuesday Blitz"]
[Site "Chess.com"]
[Date "2019.06.04"]
[Round "9"]
[White "igorkovalenko"]
[Black "SaraciNderim"]
[Result "1-0"]
[WhiteElo "2889"]
[BlackElo "2858"]
[TimeControl "180+2"]
[EndTime "15:05:51 PDT"]
[Termination "igorkovalenko won on time"]

1. d4 Nf6 2. Nf3 g6 3. Bf4 Bg7 4. e3 d6 5. h3 O-O 6. c3 c5 7. Nbd2 Nc6 8. dxc5 dxc5 9. Bb5 Bd7 10. O-O a6 11. Be2 b5 12. a4 Qb6 13. e4 Be6 14. Be3 Rad8 15. Qc2 Nd7 16. Ng5 Qb8 17. axb5 axb5 18. Nxe6 fxe6 19. Ra6 Qb7 20. Rfa1 c4 21. Bg4 Kf7 22. f4 Ra8 23. Rxa8 Rxa8 24. Rf1 Qa6 25.
e5 b4 26. h4 bxc3 27. bxc3 Na5 28. Ne4 Bh6 29. h5 Nb3 30. hxg6+ hxg6 31. Qf2 Kg7 32. Qh4 Qc6 33. Qxe7+ Kh8 34. Nf6 Nxf6 35.
Qxf6+ Kh7 36. Bxe6 Ra2 37. Qf7+ Bg7 38. Bd5 Qa4 39.
Qg8+ 1-0

[Event "*** Titled Tuesday Blitz"]
[Site "Chess.com"]
[Date "2019.06.04"]
[Round "9"]
[White "PNEPaul"]
[Black "GremioPrudente"]
[Result "0-1"]
[WhiteElo "1840"]
[BlackElo "2139"]
[TimeControl "180+2"]
[EndTime "15:05:51 PDT"]
[Termination "GremioPrudente won by resignation"]

1. e4 e6 2. d4 d5 3. e5 c5 4. Qg4 cxd4 5. Nf3 f5 6. Qg3 Nc6 7. Bd3 Bd7 8. O-O Qc7 9. a3 Nge7 10.
h4 Ng6 11. Re1 Qb6 12. c3 Rd8 13. b4 dxc3 14. Nxc3 Nd4 15. Nxd4 Qxd4 16. Bd2 Qxh4 17. Qf3 a6 18. Bxf5 exf5 19. Nxd5 Bc6 20. Nf6+ gxf6 21. exf6+ Kf7 22. Qe3 Bd6 23. Qe6+ Kf8 24. Bh6+ Qxh6 25. Rad1 Qh2+ 26. Kf1 Bb5+ 27. Re2 Bxe2+ 28. Kxe2 Re8 29. Rxd6 Rxe6+ 30. Rxe6 Nf4+ 0-1

[Event "*** Titled Tuesday Blitz"]
[Site "Chess.com"]
[Date "2019.06.04"]
[Round "9"]
[White "jefferyx"]
[Black "Dr-Bassem"]
[Result "1-0"]
[WhiteElo "2922"]
[BlackElo "2854"]
[TimeControl "180+2"]
[EndTime "15:05:58 PDT"]
[Termination "jefferyx won on time"]

1. d4 f5 2. Bg5 g6 3. e3 d5 4. c4 c6 5. Nc3 Nf6 6. Bxf6 exf6 7.
cxd5 Bb4 8. dxc6 Nxc6 9. Bc4 a6 10. Ne2 b5 11. Bb3 Bb7 12. O-O Na5 13. Nf4 Rc8 14.
Ncd5 Bxd5 15. Bxd5 Bd6 16. Be6 Rc6 17. Re1 Bxf4 18.
exf4 Kf8 19. Rc1 Qd6 20. d5 Rxc1 21. Qxc1 Kg7 22. Qc3 Nc4 23. b3 Nb6 24. Qc6 Rd8 25.
Qb7+ Kh8 26. h4 a5 27. h5 Rb8 28. Qc6 Qxf4 29. d6 Qd2 30. Rf1 Qd4 31. Qc7 Rf8 32. h6 1-0

[Event "*** Titled Tuesday Blitz"]
[Site "Chess.com"]
[Date "2019.06.04"]
[Round "9"]
[White "m3alam"]
[Black "JozefKneht"]
[Result "1-0"]
[WhiteElo "2383"]
[BlackElo "2496"]
[TimeControl "180+2"]
[EndTime "15:06:02 PDT"]
[Termination "m3alam won by resignation"]

1. d4 e6 2. Nf3 Nf6 3. g3 d5 4. Bg2 c5 5. O-O Nc6 6. c4 dxc4 7. Ne5 Bd7 8. Nxc4 cxd4 9. Bf4 Nd5 10. Nd6+ Bxd6 11. Bxd6 Nde7 12. Nd2 Bc8 13. Nc4 O-O 14.
Bxc6 bxc6 15. Qxd4 Nf5 16. Qc5 Nxd6 17. Nxd6 Ba6 18. Rfe1 Qb6 19. Rac1 Qxb2 20. Rc2 Qb6 21. Qxb6 axb6 22. Rxc6 Rfb8 23. e4 e5 24. Rb1 Bd3 25. Rb2 b5 26. Rc3 Bc4 27. a4 Rd8 28. axb5 Ra1+ 29.
Kg2 Bf1+ 30. Kf3 h5 31. Nf5 g6 32. Ne3 Bh3 33. b6 g5 34. b7 Re1 35. g4 hxg4+ 36. Nxg4 f5 37. exf5 e4+ 38. Kg3 Rg1+ 39. Kxh3 1-0

[Event "*** Titled Tuesday Blitz"]
[Site "Chess.com"]
[Date "2019.06.04"]
[Round "9"]
[White "FedaMaster"]
[Black "kintoho"]
[Result "1-0"]
[WhiteElo "2575"]
[BlackElo "2540"]
[TimeControl "180+2"]
[EndTime "15:06:07 PDT"]
[Termination "FedaMaster won by resignation"]

1. e4 c6 2. d4 g6 3. c4 d5 4. Nc3 dxe4 5. Nxe4 Bg7 6. Nf3 Bg4 7.
Be3 Qa5+ 8. Nc3 Nf6 9. h3 Bf5 10. Be2 O-O 11. O-O Qc7 12. b4 Rd8 13. Qb3 Nbd7 14. g4 Be4 15. Nd2 e5 16. dxe5 Qxe5 17. Ncxe4 Nxe4 18. Nf3 Qe7 19. Rac1 Re8 20. Rfd1 Rad8 21.
Bf1 Ng3 22. Bg5 Bf6 23. Bxf6 Nxf6 24. fxg3 Rxd1 25. Rxd1 Ne4 26. Re1 Qc7 27. Ng5 f5 28. c5+ Kg7 29. Nxe4 fxe4 30. Qc3+ Kh6 31. Qe3+ Kg7 32.
Qd4+ Kh6 33. Qd6 Qc8 34. g5+ Kg7 35. Qf6+ Kg8 36. Bc4+ Re6 37. Bxe6+ Qxe6 38. Qxe6+ Kg7 39. Qf6+ Kg8 40. Rd1 1-0

[Event "*** Titled Tuesday Blitz"]
[Site "Chess.com"]
[Date "2019.06.04"]
[Round "9"]
[White "TST2014"]
[Black "mikhaillushenkov"]
[Result "0-1"]
[WhiteElo "2552"]
[BlackElo "2725"]
[TimeControl "180+2"]
[EndTime "15:06:11 PDT"]
[Termination "mikhaillushenkov won by resignation"]

1. d4 Nf6 2. c4 e6 3. Nf3 d5 4. Nc3 c6 5. e3 Nbd7 6. Qc2 Bd6 7. b3 O-O 8. Bb2 Re8 9. Be2 dxc4 10. bxc4 e5 11. O-O e4 12. Ng5 Qe7 13. f3 exf3 14. Rxf3 h6 15. Nh3 Ng4 16. Nf4 Nxe3 17. Qd3 Nf6 18.
Re1 Bf5 19. Qd2 Nxc4 20. Bxc4 Qxe1+ 21. Qxe1 Rxe1+ 22. Kf2 Rae8 23. h3 Rh1 24. Nfe2 Be6 25. Bd3 b5 26. Ng3 Bxg3+ 27. Rxg3 Bc4 28. Bxc4 bxc4 29.
Re3 Rxe3 30. Kxe3 Nd5+ 31. Nxd5 cxd5 32. Kf4 Re1 33. Kf3 Re4 34. Bc3 h5 35. g4 hxg4+ 36.
hxg4 a6 37. a4 f6 38. a5 Kf7 39. Bb2 g6 40. Bc3 Ke6 41. Bb2 f5 42. gxf5+ Kxf5 43. Bc3 g5 44. Bb2 g4+ 45. Kf2 Re8 46. Bc3 Ke4 47.
Ke2 g3 48. Be1 g2 49. Bf2 c3 50. Kd1 Kd3 51. Kc1 c2 0-1